Map: Ruines d’Endion

Players

Gladiator

  • Race: Protoss Protoss
  • League: Silver
  • Spawn Location: 5:00

zidar - Winner!

  • Race: Zerg Zerg
  • League: Gold
  • Spawn Location: 7:00

VOD

Have the link to the VOD?

Description

Time

  • Played on: May 21, 2016, 9:12 a.m.
  • Length: 8:00
Show
View Real Time Build Order
Export as new Build Order

Gladiator Protoss 

Build Orders:  

Get SALT Encoding   

  12  0:01  Probe (Chrono Boost)  
  13  0:19  Pylon  
  13  0:20  Probe (Chrono Boost)  
  14  0:30  Probe (Chrono Boost)  
  15  0:43  Gateway  
  15  0:50  Probe (Chrono Boost)  
  16  1:01  Probe (Chrono Boost)  
  16  1:02  Assimilator  
  17  1:08  Assimilator  
  17  1:11  Probe (Chrono Boost)  
  18  1:22  Probe (Chrono Boost)  
  18  1:25  Pylon  
  19  1:33  Cybernetics Core  
  19  1:35  Gateway  
  19  1:39  Probe (Chrono Boost)  
  21  1:54  Probe (Chrono Boost)  
  21  2:05  Probe (Chrono Boost)  
  22  2:09  Adept  
  24  2:22  Nexus  
  24  2:27  Probe (Chrono Boost)  
  25  2:36  Warp Gate  
  25  2:38  Mothership Core (Chrono Boost)  
  27  3:11  Probe (Chrono Boost)  
  28  3:18  Pylon  
  28  3:19  Adept  
  30  3:22  Probe (Chrono Boost)  
  30  3:24  Pylon  
  31  3:29  Stargate  
  31  3:32  Stargate  
  31  3:33  Adept, Probe (Chrono Boost)  
  34  3:38  Probe (Chrono Boost)  
  35  4:09  Probe (Chrono Boost)  
  36  4:11  Probe (Chrono Boost)  
  36  4:14  Oracle  
  40  4:17  Oracle  
  40  4:19  Probe (Chrono Boost)  
  40  4:21  Probe (Chrono Boost)  
  40  4:23  Assimilator  
  45  4:28  Assimilator  
  45  4:30  Probe (Chrono Boost)  
  46  4:32  Probe (Chrono Boost)  
  47  4:41  Probe (Chrono Boost)  
  47  4:43  Probe (Chrono Boost)  
  49  4:46  Twilight Council  
  49  4:51  Probe (Chrono Boost)  
  50  4:55  Pylon  
  50  5:05  Forge  
  23  5:46  Probe (Chrono Boost)  
  23  5:48  Probe (Chrono Boost)  
  25  5:51  Oracle x2  
  32  5:57  Probe (Chrono Boost)  
  32  5:59  Probe (Chrono Boost)  
  33  6:04  Pylon  
  33  6:07  Probe (Chrono Boost)  
  33  6:09  Probe (Chrono Boost)  
  35  6:18  Probe (Chrono Boost)  
  36  6:20  Probe (Chrono Boost)  
  37  6:27  Robotics Facility  
  37  6:28  Probe (Chrono Boost)  
  37  6:30  Probe (Chrono Boost)  
  39  6:39  Probe (Chrono Boost)  
  40  6:41  Probe (Chrono Boost)  
  41  6:49  Probe (Chrono Boost)  
  41  6:51  Probe (Chrono Boost)  
  40  7:02  Probe (Chrono Boost)  
  40  7:07  Probe (Chrono Boost)  
  42  7:12  Probe (Chrono Boost)  
  43  7:18  Probe (Chrono Boost)  
  44  7:23  Probe (Chrono Boost)  
  44  7:27  Probe (Chrono Boost)  
  50  7:37  Probe  
  51  7:47  Gateway x2  
  51  7:48  Gateway  
Show
View Real Time Build Order
Export as new Build Order

zidar Zerg - Winner!

Build Orders: Hatch First 

Get SALT Encoding   

  12  0:01  Drone  
  13  0:12  Overlord  
  13  0:17  Drone  
  14  0:30  Drone  
  14  0:31  Drone  
  14  0:34  Drone  
  17  0:55  Hatchery  
  16  0:57  Drone  
  17  1:13  Spawning Pool  
  17  1:15  Drone  
  17  1:20  Extractor  
  17  1:21  Drone  
  17  1:34  Drone x2  
  19  1:47  Overlord  
  19  1:49  Drone  
  20  2:05  Queen  
  20  2:07  Queen  
  24  2:13  Drone x3  
  27  2:21  Drone  
  28  2:37  Zergling x6  
  29  2:39  Metabolic Boost  
  30  3:03  Zergling x10  
  35  3:13  Roach Warren  
  34  3:28  Extractor, Drone x3  
  34  3:29  Overlord  
  34  3:30  Overlord  
  36  3:59  Roach x8  
  52  4:04  Overlord x2  
  52  4:12  Pneumatized Carapace  
  52  4:27  Lair  
  52  4:47  Drone x7  
  51  5:30  Spore Crawler  
  44  5:39  Spore Crawler  
  33  5:53  Hydralisk Den  
  33  5:56  Roach x7  
  46  6:02  Hatchery  
  45  6:12  Roach  
  45  6:13  Roach x5  
  57  6:31  Hydralisk x5  
  67  6:45  Evolution Chamber  
  66  6:51  Evolution Chamber  
  64  7:00  Hydralisk x2  
  68  7:03  Overlord x5  
  68  7:17  Drone x5  
Tags
 
Add a new tag
Caveats
  • Supply blocks, unpowered buildings, or Contaminate may cause inaccurate times.
  • Supply counts are checked every 10 seconds.